 Dungeon Crawl Stone Soup version 0.30-a0-737-gf23d94013f (webtiles) character file.

Game seed: 17012276173334844466

12335 sircluck the Cleaver (level 11, -11/99 HPs)
             Began as a Hill Orc Fighter on Feb 1, 2023.
             Mangled by a skeletal warrior
             ... wielding a +0 trident
              (22 damage)
             ... on level 11 of the Dungeon.
             The game lasted 00:41:41 (15744 turns).

sircluck the Cleaver (Hill Orc Fighter)            Turns: 15744, Time: 00:41:41

Health: -11/99     AC: 19    Str: 28    XL:     11   Next: 91%
Magic:  11/11      EV:  8    Int:  8    God:
Gold:   769        SH: 15    Dex: 10    Spells: 10/10 levels left

rFire   + + .      SeeInvis .    H - +0 broad axe
rCold   x . .      Faith    .    o - +0 tower shield
rNeg    . . .      Spirit   .    J - +0 fire dragon scales
rPois   .          Reflect  .    (no helmet)
rElec   .          Harm     +    l - +2 cloak
rCorr   +          Rampage  .    u - +1 pair of gloves
Will    .....                    m - +1 pair of boots of the Fifty Visionaries {Harm Regen+ rCorr Str+4 Stlth-} Stlth
                                 (no amulet)
HPRegen 1.16/turn                (no ring)
MPRegen 0.12/turn                (no ring)

@: no status effects
A: no striking features
a: no special abilities


You were on level 11 of the Dungeon.
You visited 2 branches of the dungeon, and saw 12 of its levels.
You also visited: Sewer.

You collected 769 gold pieces.

Inventory:

Hand Weapons
 k - a +2 quarterstaff of chaos
 B - a +2 dagger of draining
 C - a +2 hand axe of flaming
 E - a +3 flail of protection
 H - a +0 broad axe (weapon)
 M - a +3 halberd
 R - a +0 shortbow
 V - a +0 arbalest
Missiles
 h - 87 stones (quivered)
 N - 3 boomerangs of dispersal
 X - 12 poisoned darts
 Y - a throwing net
 Z - a curare-tipped dart
Armour
 c - a +0 buckler
 l - a +2 cloak (worn)
 m - the +1 pair of boots of the Fifty Visionaries (worn) {Harm Regen+ rCorr Str+4 Stlth-}
   (You found it on level 2 of the Dungeon)

   Str:       It affects your strength (+4).
   Regen:     It increases your rate of health regeneration.
   rCorr:     It protects you from acid and corrosion.
   Harm:      It increases damage dealt and taken.
   Stlth:     It makes you less stealthy.
 o - a +0 tower shield (worn)
 u - a +1 pair of gloves (worn)
 x - a +0 troll leather armour
 J - +0 fire dragon scales (worn)
 T - a +0 chain mail
Magical Staves
 b - a staff of conjuration
Jewellery
 f - an amulet of faith
 g - a ring of protection from cold
 v - a ring of fire
 P - a ring of wizardry
 S - an amulet of the acrobat
 U - a ring of protection from cold
Wands
 e - a wand of acid (6)
 q - a wand of roots (4)
Scrolls
 a - a scroll of blinking
 j - 8 scrolls of teleportation
 n - 11 scrolls of identify {unknown}
 p - 4 scrolls of vulnerability {unknown}
 s - 2 scrolls of immolation {unknown}
 y - 2 scrolls of summoning
 F - 2 scrolls of fear {unknown}
 G - a scroll of amnesia
 I - a scroll of magic mapping {unknown}
 L - a scroll of enchant weapon {unknown}
 O - a scroll of acquirement {unknown}
 Q - a scroll of torment {unknown}
 W - 2 scrolls of noise {unknown}
Potions
 d - 3 potions of magic {unknown}
 i - a potion of lignification
 r - 7 potions of mutation {unknown}
 t - a potion of berserk rage
 w - 3 potions of brilliance {unknown}
 z - 4 potions of heal wounds {unknown}
 A - a potion of ambrosia


   Skills:
 + Level 9.6 Fighting
 + Level 14.0 Axes
 + Level 2.0 Throwing
 + Level 9.8 Armour
 + Level 3.7 Dodging
 + Level 2.1 Stealth
 + Level 10.2 Shields
 + Level 0.2 Evocations


You had 10 spell levels left.
You didn't know any spells.
Your spell library contained the following spells:

 Spells                   Type           Power      Damage    Failure   Level
 Beastly Appendage        Tmut           0%         N/A       99%         1
 Necrotise                Necr           0%         1d4       99%         1
 Blink                    Tloc           0%         N/A       100%        2
 Lesser Beckoning         Tloc           0%         N/A       100%        2
 Wereblood                Tmut           0%         N/A       100%        2
 Gell's Gravitas          Tloc           0%         N/A       100%        3
 Spider Form              Tmut/Pois      0%         N/A       100%        3
 Stone Arrow              Conj/Erth      0%         3d7       100%        3
 Teleport Other           Tloc           0%         N/A       100%        3
 Vampiric Draining        Necr           0%         2d6       100%        3
 Animate Armour           Summ/Erth      0%         N/A       100%        4
 Manifold Assault         Tloc           0%         N/A       100%        4
 Agony                    Necr           0%         N/A       100%        5
 Storm Form               Tmut/Air       0%         N/A       100%        7
 Lehudib's Crystal Spear  Conj/Erth      0%         10d2      100%        8


Dungeon Overview and Level Annotations

Branches:
Dungeon (11/15)            Temple (1/1) D:6            Lair (0/5) D:11
  Sewer (visited)
    Orc: D:9-12

Altars:
Ashenzari
Cheibriados
Dithmenos
Elyvilon
Fedhas
Gozag
Hepliaklqana
Kikubaaqudgha
Makhleb
Nemelex Xobeh
Okawaru
Qazlal
Ru
Sif Muna
Trog
Uskayaw
Vehumet
Wu Jian
Xom
Yredelemnul
Zin
The Shining One

Shops:
D:8 :

Portals:
Trove: D:10 (give horn of Geryon)


Message History

Your Axes skill increases to level 14!
Your Throwing skill increases to level 2!
The skeletal warrior throws a boomerang.
The boomerang hits you.
Things that are here:
a +2 dire flail of protection; 4 poisoned darts; 11 gold pieces The skeletal warrior hits you with a +0 trident!
The skeletal warrior hits you with a +0 trident!!
* * * LOW HITPOINT WARNING * * *
You slash the skeletal warrior!
The skeletal warrior is moderately damaged.
The skeletal warrior completely misses you.
You slash the skeletal warrior!
The skeletal warrior is heavily damaged.
You block the skeletal warrior's attack.
You barely miss the skeletal warrior.
The skeletal warrior is heavily damaged.
The skeletal warrior hits you with a +0 trident.
* * * LOW HITPOINT WARNING * * *
You hit the skeletal warrior.
The skeletal warrior is heavily damaged.
You block the skeletal warrior's attack. x2
You hit the skeletal warrior.
The skeletal warrior is heavily damaged.
The skeletal warrior hits you but does no damage.
You barely miss the skeletal warrior.
The skeletal warrior is heavily damaged.
The skeletal warrior hits you with a +0 trident!
* * * LOW HITPOINT WARNING * * *
You hit the skeletal warrior.
The skeletal warrior is severely damaged.
You block the skeletal warrior's attack.
You hit the skeletal warrior but do no damage.
The skeletal warrior is severely damaged.
The skeletal warrior hits you with a +0 trident.
* * * LOW HITPOINT WARNING * * *
You hit the skeletal warrior but do no damage.
The skeletal warrior is severely damaged.
The skeletal warrior hits you with a +0 trident!!
You die...

#....!...# #........# ###
#........# ..# #........# ..#
#######........# ..#
...............# ..#
.......).......#### ..#
........#####.....# ..#
......z@##....#.#.# ..#
........##....#.#.# ..#
........##....#.#.###
.##########..#'####....#.#...#
.#.....≈≈≈≈~~~≈ ≈≈~~~~≈≈~~~.#
.#.####~≈≈≈~≈≈≈ ≈≈≈≈~≈≈≈≈≈~#.#
......≈≈≈≈≈≈≈≈≈ ≈≈≈≈≈≈≈≈≈~##.#
##.##.~≈≈≈≈≈≈≈≈ ≈≈≈≈≈~.###.#
##.##.~~≈≈≈≈≈≈≈≈≈≈≈≈≈≈≈~.###.####


You could see a skeletal warrior.

Vanquished Creatures
  2 two-headed ogres
  A boulder beetle (D:11)
  2 skeletal warriors (D:11)
  A wizard (D:10)
  A gargoyle (D:10)
  4 trolls
  Grinder (D:3)
  Sigmund (D:2)
  4 wyverns
  A shadow (D:11)
  15 yaks
  2 steam dragons (D:9)
  3 vampire mosquitoes (D:7)
  2 acid dragons (D:9)
  A water moccasin (D:8)
  An orc warrior (D:7)
  2 sky beasts (D:7)
  2 ice beasts (D:5)
  3 ogres
  3 centaurs
  A phantom (D:6)
  2 kobold brigands (D:9)
  3 scorpions
  5 bullfrogs
  A necrophage (D:6)
  4 wights (D:7)
  16 killer bees
  2 electric eels (D:11)
  A crimson imp (D:10)
  6 jellies
  2 hounds (D:6)
  A gnoll bouda (D:10)
  4 orc priests
  Crazy Yiuf (D:3)
  Jessica (D:3)
  4 iguanas
  10 orc wizards
  A mummy (D:4)
  12 adders
  6 gnolls
  2 river rats (Sewer)
  A shadow imp (D:6)
  3 white imps
  2 ufetubi
  A worm (D:4)
  A dart slug (D:5)
  25 orcs
  13 ball pythons
  10 endoplasms
  6 giant cockroaches
  11 goblins
  6 hobgoblins
  19 kobolds
  7 quokkas (D:4)
  4 bats (D:2)
  4 frilled lizards (Sewer)
  A hobgoblin zombie (D:4)
  An orc zombie (D:4)
  23 rats
275 creatures vanquished.

Vanquished Creatures (others)
  2 fungi (D:3)
  8 plants (D:5)
10 creatures vanquished.

Grand Total: 285 creatures vanquished

Notes
Turn   | Place    | Note
-------+----------+-------------------------------------------
     0 | D:1      | sircluck the Hill Orc Fighter began the quest for the Orb.
     0 | D:1      | Reached XP level 1. HP: 19/19 MP: 1/1
   369 | D:1      | Reached XP level 2. HP: 24/27 MP: 2/2
   638 | D:1      | Found a faded altar of an unknown god.
  1151 | D:2      | Reached XP level 3. HP: 32/33 MP: 3/3
  1220 | D:2      | Reached skill level 3 in Axes
  1383 | D:2      | Identified the +1 pair of boots of the Fifty Visionaries
                  | {Harm Regen+ rCorr Str+4 Stlth-}
  6486 | D:2      | Noticed Sigmund
  6528 | D:2      | Killed Sigmund
  6529 | D:2      | Reached skill level 5 in Armour
  6529 | D:2      | Reached skill level 1 in Stealth
  6529 | D:2      | Reached XP level 4. HP: 36/41 MP: 4/4
  6529 | D:2      | Reached XP level 5. HP: 41/47 MP: 5/5
  6671 | D:3      | Noticed Jessica
  6688 | D:3      | Killed Jessica
  6689 | D:3      | Reached XP level 6. HP: 53/53 MP: 6/6
  6777 | D:3      | Found a runed translucent door.
  6778 | D:3      | Noticed Crazy Yiuf
  6814 | D:3      | Killed Crazy Yiuf
  7349 | D:3      | Noticed Grinder
  7369 | D:3      | Paralysed by Grinder for 2 turns
  7384 | D:3      | Killed Grinder
  7385 | D:3      | Reached skill level 4 in Axes
  7385 | D:3      | Reached XP level 7. HP: 16/60 MP: 7/7
  7805 | D:4      | Found a sand-covered staircase.
  7869 | D:4      | Reached skill level 5 in Axes
  7869 | D:4      | Reached skill level 1 in Dodging
  7957 | D:4      | Found a glowing golden altar of the Shining One.
  8059 | D:4      | Reached skill level 5 in Fighting
  8096 | D:4      | Found a glowing drain.
  8124 | Sewer    | Entered a sewer
  8210 | Sewer    | Reached skill level 6 in Axes
  8376 | Sewer    | Reached XP level 8. HP: 44/68 MP: 8/8
  8565 | D:4      | Found a broken altar of Ashenzari.
  8746 | D:4      | Found an iron altar of Okawaru.
  8982 | D:5      | Entered Level 5 of the Dungeon
  9056 | D:5      | Noticed a troll
  9065 | D:5      | Killed a troll
  9066 | D:5      | Reached skill level 7 in Axes
  9066 | D:5      | Reached skill level 5 in Shields
  9379 | D:5      | Reached skill level 8 in Axes
  9397 | D:5      | Reached XP level 9. HP: 75/75 MP: 9/9
 10193 | D:6      | Reached skill level 1 in Throwing
 10227 | D:6      | Reached skill level 9 in Axes
 10430 | D:6      | Found a staircase to the Ecumenical Temple.
 10795 | Temple   | Entered the Ecumenical Temple
 11081 | D:7      | Reached skill level 10 in Axes
 11408 | D:7      | Reached XP level 10. HP: 28/84 MP: 10/10
 12172 | D:8      | Reached skill level 11 in Axes
 12260 | D:8      | Found Centom's Book Shoppe.
 12574 | D:9      | Noticed a two-headed ogre
 12586 | D:9      | Killed a two-headed ogre
 12909 | D:9      | Found a sacrificial altar of Ru.
 13041 | D:9      | Reached skill level 12 in Axes
 13452 | D:10     | Entered Level 10 of the Dungeon
 13671 | D:10     | Noticed a wizard
 13683 | D:10     | Reached XP level 11. HP: 94/94 MP: 11/11
 13684 | D:10     | Killed a wizard
 13883 | D:10     | Found a burning altar of Makhleb.
 13887 | D:10     | Found a snail-covered altar of Cheibriados.
 14068 | D:10     | Reached skill level 13 in Axes
 14248 | D:10     | Found a portal to a secret trove of treasure.
 14336 | D:10     | Noticed a two-headed ogre
 14346 | D:10     | Killed a two-headed ogre
 14586 | D:11     | Noticed a boulder beetle
 14612 | D:11     | Killed a boulder beetle
 14761 | D:11     | Reached skill level 10 in Shields
 15003 | D:11     | Noticed a skeletal warrior
 15023 | D:11     | Killed a skeletal warrior
 15079 | D:11     | Found a staircase to the Lair.
 15113 | D:11     | Noticed a skeletal warrior
 15720 | D:11     | Noticed a skeletal warrior
 15732 | D:11     | Killed a skeletal warrior
 15733 | D:11     | Reached skill level 14 in Axes
 15744 | D:11     | Mangled by a skeletal warrior

Illustrated notes

Levels and vault maps discovered:
D:1:      nagdon_arrival_double_spiral, layout_loops_corners,
          dilly_ecumenical_altar_fadedgnrine, hangedman_decor_clover_reticule,
          nrook_mini_backslash
D:2:      layout_loops_ring, kennysheep_nondescript, uniq_sigmund
D:3:      layout_rooms, uniq_crazy_yiuf_cottage, uniq_grinder, uniq_jessica
D:4:      layout_gridville, tso_altar, nicolae_ashenzari_skybound,
          kennysheep_mini, gup_sewer_entry_pipe, nicolae_ossuary_entry_giza
D:5:      layout_basic, chequers_serial_rivers_large_a, serial_bayou_ford_a,
          grunt_decor_mini_mirrors
D:6:      layout_basic, minmay_temple_entry_trees, chequers_jeans,
          kennysheep_generic_room_2
D:7:      layout_gridville
D:8:      layout_basic, serial_shops, nicolae_shop_trees,
          chequers_hall_statues_y
D:9:      layout_roguey, mainiacjoe_overflow_alcove_1
D:10:     layout_roguey, jmf_multi_god_temple, nicolae_trove_entry_diagonal,
          lightli_wizard_tower
D:11:     layout_basic
Temple:   lightli_temple_of_artemis

Skill      XL: |  1  2  3  4  5  6  7  8  9 10 11 |
---------------+----------------------------------+-----
Fighting       | 4 5 6 7 9 |  9.6
Axes           | 3 4 6 8 10 12 14 | 14.0
Armour         | 5 6 7 8 9 |  9.8
Stealth        | 1 2 |  2.1
Shields        | 4 5 7 9 10 | 10.2
Dodging        | 1 2 3 |  3.7
Throwing       | 1 2 |  2.0
Evocations     | |  0.2

Action                     |  1- 3 |  4- 6 |  7- 9 | 10-12 || total
---------------------------+-------+-------+-------+-------++-------
  Melee: War axe           |   111 |    37 |   284 |       ||   432
         Punch             |       |     1 |       |       ||     1
         Broad axe         |       |       |    94 |   385 ||   479
  Throw: Dart              |       |     6 |     9 |     3 ||    18
         Stone             |       |       |     6 |    53 ||    59
  Evoke: Wand              |       |       |       |     4 ||     4
    Use: Potion            |     6 |     3 |     3 |     5 ||    17
         Scroll            |     1 |     2 |     3 |     3 ||     9
 Armour: Scale mail        |    76 |    19 |   242 |       ||   337
         Fire dragon scale |       |       |   130 |   218 ||   348
  Dodge: Dodged            |    60 |     9 |   180 |   117 ||   366
  Block: Buckler           |    31 |     5 |       |       ||    36
         Tower shield      |       |       |   413 |   325 ||   738

Table legend: (Time is in decaauts)
 A = Elapsed time spent in this place.
 B = Non-inter-level travel time spent in this place.
 C = Inter-level travel time spent in this place.
 D = Time resting spent in this place.
 E = Time spent auto-exploring this place.
 F = Levels seen in this place.
 G = Mean time per level.
                   A        B        C        D        E       F      G
               +--------+--------+--------+--------+--------+-----+--------+
         Total |  16202 |  15647 |    555 |   5966 |   3372 |  13 | 1246.3 |
       Dungeon |  15614 |  15059 |    555 |   5844 |   3203 |  11 | 1419.5 |
        Temple |    107 |    107 |      0 |      0 |     82 |   1 |  107.0 |
         Sewer |    480 |    480 |      0 |    122 |     87 |   1 |  480.0 |
               +--------+--------+--------+--------+--------+-----+--------+

Top non-repeatable levels by time:
     D:2: 5621 daAuts
    D:11: 1354 daAuts
     D:5: 1190 daAuts
     D:3: 1116 daAuts
     D:1: 1093 daAuts
    D:10: 1015 daAuts
     D:7: 945 daAuts
     D:9: 911 daAuts
     D:4: 866 daAuts
     D:8: 755 daAuts
     D:6: 742 daAuts
   Sewer: 480 daAuts
  Temple: 107 daAuts
